 Dungeon Crawl Stone Soup version 0.30-a0-121-gb27577e5d9 (webtiles) character file.

Game seed: 2018673926527562902

1502 Essalna the Geomancer (level 8, -22/53 HPs)
             Began as a Gargoyle Earth Elementalist on Sept 14, 2022.
             Was a Believer of Vehumet.
             Killed from afar by Maggie (25 damage)
             ... with a bolt of fire
             ... on level 6 of the Dungeon.
             The game lasted 00:09:24 (5686 turns).

Essalna the Geomancer (Gargoyle Earth Elementalist) Turns: 5686, Time: 00:09:24

Health: -22/53     AC:  7    Str: 19    XL:     8   Next: 82%
Magic:  7/11       EV: 11    Int: 17    God:    Vehumet [**....]
Gold:   303        SH:  0    Dex: 10    Spells: 7/11 levels left

rFire   . . .      SeeInvis .    s - staff of conjuration
rCold   . . .      Faith    .    (no shield)
rNeg    + . .      Spirit   .    a - +0 robe
rPois   ∞          Reflect  .    (no helmet)
rElec   +          Harm     .    (no cloak)
rCorr   .          Rampage  .    (no gloves)
Will    .....                    (no boots)
Stlth   ++........               (no amulet)
HPRegen 0.17/turn                v - +6 ring of strength
MPRegen 0.12/turn                (no ring)

@: no status effects
A: sickness immunity, AC +5, negative energy resistance 1, electricity
resistance, torment resistance 1, petrification resistance
a: Renounce Religion


You were on level 6 of the Dungeon.
You worshipped Vehumet.
Vehumet was pleased with you.
You visited 1 branch of the dungeon, and saw 6 of its levels.

You collected 303 gold pieces.

Inventory:

Missiles
 q - a throwing net
Armour
 a - a +0 robe (worn)
Magical Staves
 s - a staff of conjuration (weapon)
Jewellery
 v - a +6 ring of strength (left hand)
Wands
 t - a wand of flame (4)
Scrolls
 d - a scroll of immolation {unknown}
 e - 2 scrolls of teleportation {unknown}
 g - 6 scrolls of enchant armour {unknown}
 k - 9 scrolls of identify {unknown}
 l - 2 scrolls of enchant weapon {unknown}
 m - a scroll of amnesia {unknown}
 p - 2 scrolls of vulnerability {unknown}
 u - a scroll of butterflies {unknown}
 w - a scroll of poison {unknown}
Potions
 c - 2 potions of flight {unknown}
 f - 2 potions of heal wounds {unknown}
 h - a potion of attraction {unknown}
 i - 2 potions of cancellation {unknown}
 j - a potion of brilliance {unknown}
 n - 2 potions of berserk rage {unknown}
 o - 4 potions of curing {unknown}
 r - 3 potions of might {unknown}


   Skills:
 + Level 7.3 Fighting
 - Level 1.5 Dodging
 - Level 2.1 Stealth
 - Level 2.0 Spellcasting
 - Level 5.0 Conjurations
 - Level 0.7 Transmutations
 + Level 8.9 Earth Magic


You had 7 spell levels left.
You knew the following spells:

 Your Spells              Type           Power      Damage    Failure   Level
a - Sandblast             Erth           64%        2d14      1%          1
b - Stone Arrow           Conj/Erth      76%        3d11      3%          3

Your spell library contained the following spells:

 Spells                   Type           Power      Damage    Failure   Level
 Static Discharge         Conj/Air       30%        3-5/arc   11%         2
 Passwall                 Tmut/Erth      15%        N/A       4%          2
 Summon Small Mammal      Summ           4%         N/A       19%         1
 Petrify                  Tmut/Erth      18%        N/A       26%         4
 Leda's Liquefaction      Hex/Erth       8%         N/A       30%         4
 Call Canine Familiar     Summ           1%         N/A       50%         3
 Inner Flame              Hex/Fire       1%         N/A       50%         3
 Portal Projectile        Hex/Tloc       2%         N/A       50%         3
 Summon Guardian Golem    Hex/Summ       1%         N/A       50%         3
 Cause Fear               Hex            0%         N/A       88%         4
 Discord                  Hex            0%         N/A       100%        8


Dungeon Overview and Level Annotations

Branches:
Dungeon (6/15)             Temple (0/1) D:5

Altars:
Vehumet
Wu Jian

Shops:
D:3 (

Annotations:
D:6 Maggie


Innate Abilities, Weirdness & Mutations

You are immune to sickness and miasma.
Your stone body is resilient. (AC +5)
You are immune to poison.
You resist negative energy. (rN+)
You are resistant to electric shocks. (rElec)
You are resistant to unholy torment.
You are immune to petrification.


Message History

The bolt of fire hits you!
* * * LOW HITPOINT WARNING * * *
Casting: Sandblast (safe; 1% risk of failure)
Confirm with . or Enter, or press ? or * to list all spells.
Aiming: Sandblast (safe; 1% risk of failure)
Press: ? - help, Shift-Dir - straight line, f/p - Maggie
Aim: Maggie, wielding a +1 scimitar of flaming, wearing +0 steam dragon scales and carrying a wand of paralysis (8) (almost dead, mesmerising, 84% to hit)
The blast of sand hits Maggie.
Maggie is almost dead.
Maggie barely misses you.
Casting: Sandblast (safe; 1% risk of failure)
Confirm with . or Enter, or press ? or * to list all spells.
Aiming: Sandblast (safe; 1% risk of failure)
Press: ? - help, Shift-Dir - straight line, f/p - Maggie
Aim: Maggie, wielding a +1 scimitar of flaming, wearing +0 steam dragon scales and carrying a wand of paralysis (8) (almost dead, mesmerising, 84% to hit)
The blast of sand hits Maggie but does no damage.
Maggie is almost dead.
Maggie points at you and mumbles some strange words.
The bolt of fire misses you. Maggie completely misses you.
Your magical contamination has completely faded away.
Casting: Sandblast (safe; 1% risk of failure)
Confirm with . or Enter, or press ? or * to list all spells.
Aiming: Sandblast (safe; 1% risk of failure)
Press: ? - help, Shift-Dir - straight line, f/p - Maggie
Aim: Maggie, wielding a +1 scimitar of flaming, wearing +0 steam dragon scales and carrying a wand of paralysis (8) (almost dead, mesmerising, 84% to hit)
The blast of sand hits Maggie but does no damage.
Maggie is almost dead.
Maggie zaps a wand.
You resist with some effort.
Casting: Sandblast (safe; 1% risk of failure)
Confirm with . or Enter, or press ? or * to list all spells.
Aiming: Sandblast (safe; 1% risk of failure)
Press: ? - help, Shift-Dir - straight line, f/p - Maggie
Aim: Maggie, wielding a +1 scimitar of flaming, wearing +0 steam dragon scales and carrying a wand of paralysis (7) (almost dead, mesmerising, 84% to hit)
The blast of sand hits Maggie.
Maggie is almost dead.
You break out of your daze.
Maggie barely misses you.
Maggie points at you and mumbles some strange words.
The bolt of fire hits you!!
You die...

.#####...............
###...............
#.'.........##..##
#.#.........###...
#.#.........######
#.#...............
#.#...............
#.########........ #@#
######........
#@###.......######
............#
.............#
..............#####
...................##
......................
#....#########.........
######.........


You could see Maggie.

Vanquished Creatures
  An orc warrior (D:6)
  2 black bears
  An ogre (D:5)
  A phantom (D:5)
  2 necrophages
  2 bullfrogs (D:6)
  2 scorpions (D:4)
  3 killer bees (D:4)
  A gnoll bouda (D:5)
  Crazy Yiuf (D:5)
  5 orc priests
  4 iguanas
  Natasha (thrice) (D:2)
  7 gnolls
  3 adders
  An ufetubus (D:5)
  A worm (D:4)
  The ghost of fly the Sneak, a weakling DgDe (D:4)
  12 orcs
  10 endoplasms
  A giant cockroach (D:1)
  11 goblins
  5 hobgoblins
  3 jackals (D:2)
  2 quokkas
  8 ball pythons
  4 bats
  2 frilled lizards (D:1)
  2 kobolds
  3 rats
104 creatures vanquished.

Vanquished Creatures (others)
  3 plants (D:2)
3 creatures vanquished.

Grand Total: 107 creatures vanquished

Notes
Turn   | Place    | Note
-------+----------+-------------------------------------------
     0 | D:1      | Essalna the Gargoyle Earth Elementalist began the quest for
                  | the Orb.
     0 | D:1      | Reached XP level 1. HP: 10/10 MP: 3/3
    88 | D:1      | Reached skill level 1 in Fighting
   170 | D:1      | Reached skill level 4 in Earth Magic
   170 | D:1      | Reached XP level 2. HP: 16/16 MP: 3/5
  1104 | D:2      | You fall into a shaft and drop 1 floor!
  1107 | D:3      | Found a faded altar of an unknown god.
  1111 | D:3      | Reached XP level 3. HP: 21/21 MP: 4/6
  1120 | D:3      | Learned a level 3 spell: Stone Arrow
  1198 | D:3      | Prayed at the altar of an unknown god.
  1198 | D:3      | Became a worshipper of Vehumet
  1198 | D:3      | Reached * piety under Vehumet
  1198 | D:3      | Offered knowledge of Magic Dart by Vehumet.
  1257 | D:3      | Found Cetu's Antique Weapon Emporium.
  1401 | D:2      | Found an ornate altar of the Wu Jian Council.
  1466 | D:2      | Noticed Natasha
  1470 | D:2      | Killed Natasha
  1471 | D:2      | Reached skill level 1 in Conjurations
  1471 | D:2      | Reached XP level 4. HP: 27/27 MP: 3/7
  1519 | D:2      | Noticed Natasha
  1524 | D:2      | Killed Natasha
  1685 | D:2      | Noticed Natasha
  1688 | D:2      | Killed Natasha
  1689 | D:2      | Reached skill level 5 in Earth Magic
  1689 | D:2      | Reached XP level 5. HP: 32/32 MP: 6/8
  2206 | D:3      | Reached ** piety under Vehumet
  2206 | D:3      | Offered knowledge of Freeze by Vehumet.
  2795 | D:4      | Reached XP level 6. HP: 35/38 MP: 3/9
  3438 | D:4      | Reached skill level 6 in Earth Magic
  3526 | D:4      | Reached XP level 7. HP: 39/44 MP: 5/10
  3729 | D:4      | Found a runed translucent door.
  3729 | D:4      | Noticed fly's ghost (weakling DgDe)
  4025 | D:4      | Killed fly's ghost
  4078 | D:5      | Entered Level 5 of the Dungeon
  4078 | D:5      | Found a staircase to the Ecumenical Temple.
  4157 | D:5      | Reached skill level 5 in Fighting
  4201 | D:5      | Offered knowledge of Static Discharge by Vehumet.
  4329 | D:5      | Reached skill level 7 in Earth Magic
  4370 | D:5      | Reached XP level 8. HP: 46/50 MP: 7/11
  4477 | D:5      | Reached skill level 5 in Conjurations
  4757 | D:5      | Found a runed translucent door.
  4758 | D:5      | Noticed Crazy Yiuf
  4762 | D:5      | Paralysed by Crazy Yiuf for 3 turns
  4765 | D:5      | Killed Crazy Yiuf
  5381 | D:6      | Reached skill level 8 in Earth Magic
  5675 | D:6      | Noticed Maggie
  5682 | D:6      | HP: 2/53 [Maggie/bolt of fire (17)]
  5686 | D:6      | Killed from afar by Maggie

Illustrated notes

Levels and vault maps discovered:
D:1:      ebering_trefoil_3fold, layout_loops_ring
D:2:      cheibrodos_old_hovel, layout_loops_ring, basic_altar, uniq_natasha
D:3:      layout_rooms, serial_shops, shop_statue,
          nicolae_ecumenical_snake_handling
D:4:      layout_rooms, hellmonk_ghost_happy_afterlife
D:5:      nicolae_cairo_tiling_very_big, layout_loops_cross,
          minmay_temple_entry_gardened_gates, uniq_crazy_yiuf_cottage
D:6:      layout_basic, uniq_maggie

Skill      XL: |  1  2  3  4  5  6  7  8 |
---------------+-------------------------+-----
Fighting       | 1 2 3 4 5 7 |  7.3
Earth Magic    | 4 5 6 7 8 |  8.9
Conjurations   | 1 2 3 4 5 |  5.0
Dodging        | |  1.5
Stealth        | |  2.1
Spellcasting   | |  2.0
Transmutations | |  0.7

Action                   |  1- 3 |  4- 6 |  7- 9 || total
-------------------------+-------+-------+-------++-------
Melee: Unarmed           |     1 |       |       ||     1
 Cast: Sandblast         |    44 |    64 |    82 ||   190
       Stone Arrow       |       |     3 |    10 ||    13
  Use: Potion            |       |       |     1 ||     1
Armor: Robe              |     2 |     7 |    21 ||    30
Dodge: Dodged            |     6 |    25 |    35 ||    66

Table legend: (Time is in decaauts)
 A = Elapsed time spent in this place.
 B = Non-inter-level travel time spent in this place.
 C = Inter-level travel time spent in this place.
 D = Time resting spent in this place.
 E = Time spent auto-exploring this place.
 F = Levels seen in this place.
 G = Mean time per level.
                   A        B        C        D        E       F      G
               +--------+--------+--------+--------+--------+-----+--------+
         Total |   5779 |   5622 |    157 |      0 |   4997 |   6 |  963.2 |
       Dungeon |   5779 |   5622 |    157 |      0 |   4997 |   6 |  963.2 |
               +--------+--------+--------+--------+--------+-----+--------+

Top non-repeatable levels by time:
     D:4: 1425 daAuts
     D:5: 1165 daAuts
     D:2: 1151 daAuts
     D:1: 1045 daAuts
     D:3: 615 daAuts
     D:6: 376 daAuts
